Map: Echo LE (Void)

Players

Shamanas

  • Race: Terran Terran

JBroms - Winner!

  • Race: Protoss Protoss

VOD

Have the link to the VOD?

Description

Time

  • Played on: May 2, 2015, 9:06 a.m.
  • Length: 6:05
Show
View Real Time Build Order
Export as new Build Order

Shamanas Terran 

Build Orders: Reaper Expand 

Get SALT Encoding   

  12  0:01  SCV  
  13  0:13  SCV  
  14  0:17  Supply Depot  
  14  0:25  SCV  
  15  0:42  Refinery, Barracks  
  15  0:43  SCV  
  16  0:55  SCV  
  17  1:07  SCV  
  18  1:19  SCV  
  19  1:30  Reaper  
  19  1:31  Orbital Command  
  20  1:43  Command Center  
  20  1:57  SCV  
  20  2:00  Supply Depot  
  21  2:06  Barracks Reactor  
  21  2:09  SCV  
  21  2:12  Refinery  
  22  2:19  Bunker  
  22  2:23  Factory  
  22  2:31  SCV  
  22  2:44  Bunker  
  22  2:45  Marine x2  
  23  2:59  SCV  
  23  3:02  Marine  
  26  3:08  Factory Tech Lab  
  25  3:17  Marine  
  24  3:23  Factory Tech Lab  
  20  3:34  Marine  
  17  3:42  Cyclone  
  17  3:44  SCV  
  21  4:01  SCV  
  21  4:06  Barracks Tech Lab  
  18  4:10  Barracks  
  18  4:12  Barracks  
  15  4:31  SCV  
  13  4:58  Marine x2  
  10  5:23  SCV  
  7  5:39  SCV  
  5  5:43  Marine  
  6  5:52  SCV  
Show
View Real Time Build Order
Export as new Build Order

JBroms Protoss - Winner!

Build Orders:  

Get SALT Encoding   

  12  0:01  Probe  
  13  0:13  Probe  
  14  0:20  Assimilator  
  14  0:37  Pylon  
  14  0:55  Probe (Chrono Boost)  
  14  0:56  Gateway  
  15  1:02  Gateway  
  15  1:07  Probe (Chrono Boost)  
  16  1:15  Pylon  
  16  1:16  Probe (Chrono Boost)  
  17  1:24  Probe  
  18  1:44  Cybernetics Core  
  18  1:45  Zealot  
  20  1:50  Zealot  
  21  2:21  Adept x2 (Chrono Boost)  
  25  2:23  Mothership Core (Chrono Boost)  
  25  2:25  Warp Gate  
  27  2:44  Adept  
  27  2:49  Pylon  
  29  3:07  Adept  
  31  3:17  Stalker  
  29  3:34  Stalker  
  31  3:47  Adept  
  33  3:53  Pylon  
  33  3:55  Pylon  
  33  3:57  Probe  
  34  4:04  Adept  
  34  4:06  Nexus  
  36  4:14  Stalker  
  32  4:31  Stalker  
  32  4:35  Probe  
  35  4:40  Assimilator  
  35  4:47  Probe  
  30  5:23  Probe  
  30  5:27  Robotics Facility  
  31  5:29  Gateway  
  31  5:30  Gateway  
  31  5:32  Gateway  
  31  5:35  Probe  
  24  5:51  Probe (Chrono Boost)  
  24  5:55  Probe (Chrono Boost)  
Tags
 
Add a new tag
Caveats
  • Supply blocks, unpowered buildings, or Contaminate may cause inaccurate times.
  • Supply counts are checked every 10 seconds.